 Dungeon Crawl Stone Soup version 0.22-a0-587-g7d32d7c (webtiles) character file.

61520 Amnesiac the Markscentaur (level 14, -10/125 HPs)
             Began as a Centaur Fighter on July 4, 2018.
             Was the Champion of Okawaru.
             Mangled by a deep troll (28 damage)
             ... on level 15 of the Dungeon.
             The game lasted 00:33:53 (17890 turns).

Amnesiac the Markscentaur (Centaur Fighter)        Turns: 17890, Time: 00:33:54

Health: -10/125    AC: 20    Str: 24    XL:     14   Next: 60%
Magic:  20/20      EV:  9    Int:  7    God:    Okawaru [******]
Gold:   1067       SH:  0    Dex:  9    Spells: 11/13 levels left

rFire    + + +     SeeInvis .   a - +5 longbow (velocity)
rCold    . . .     Gourm    .   (shield currently unavailable)
rNeg     . . .     Faith    .   c - +0 fire dragon scales
rPois    .         Spirit   .   v - +0 helmet
rElec    .         Reflect  .   i - +0 cloak
rCorr    .         Harm     .   J - +1 pair of gloves
MR       +....                  w - +0 centaur barding {rF+}
Stlth    ..........             h - amulet of regeneration
HPRegen  0.70/turn              m - ring of protection from fire
MPRegen  0.17/turn              O - ring of protection from cold

@: very quick
A: large, hooves 3, deformed body, speed 2, tough skin 3
a: Heroism, Finesse, Renounce Religion


You were on level 15 of the Dungeon.
You worshipped Okawaru.
Okawaru was exalted by your worship.
You were not hungry.

You visited 3 branches of the dungeon, and saw 17 of its levels.

You collected 1067 gold pieces.

Inventory:

Hand Weapons
 a - a +5 longbow of velocity (weapon)
 b - a +1 dagger of draining
Missiles
 n - 234 arrows (quivered)
Armour
 c - +0 fire dragon scales (worn)
 i - a +0 cloak (worn)
 v - a +0 helmet (worn)
 w - a +0 centaur barding of fire resistance (worn)
 J - a +1 pair of gloves (worn)
 T - a +0 troll leather armour
Jewellery
 g - an uncursed ring of flight
 h - an amulet of regeneration (around neck)
 m - a ring of protection from fire (left hand)
 x - an uncursed ring of resist corrosion
 O - a ring of protection from cold (right hand)
Wands
 K - a wand of acid (12)
 L - a wand of iceblast (20)
 M - a wand of digging (40)
 N - a wand of paralysis (37)
 Y - a wand of enslavement (10)
Scrolls
 e - 4 scrolls of enchant armour {!r}
 o - 7 scrolls of remove curse {!r}
 p - a scroll of identify {!r}
 q - 2 scrolls of magic mapping {!r}
 t - a scroll of blinking {!r}
 u - a scroll of fog {!r}
 y - 2 scrolls of fear {!r}
 D - 15 scrolls of teleportation {!r}
 G - 2 scrolls of immolation {!r}
 S - 2 scrolls of brand weapon {!r}
Potions
 d - 5 potions of might {!q}
 j - 3 potions of resistance {!q}
 l - 2 potions of brilliance {!q}
 r - 4 potions of lignification {!q}
 s - 7 potions of curing {!q}
 z - 2 potions of heal wounds {!q}
 A - a potion of haste {!q}
 B - 3 potions of cancellation {!q}
 C - 2 potions of flight {!q}
 F - a potion of agility {!q}
 Q - a potion of mutation {!q}
 R - a potion of ambrosia {!q}
 U - a potion of berserk rage {!q}
 W - a potion of invisibility {!q}
Miscellaneous
 V - a sack of spiders
Comestibles
 f - 34 rations
 k - 3 chunks of flesh


   Skills:
 + Level 11.8 Fighting
   Level 2.0 Long Blades
 + Level 17.4 Bows
 + Level 8.4 Armour
 + Level 8.3 Dodging
   Level 2.1 Shields
 - Level 8.0 Invocations
 - Level 8.0 Evocations


You had 11 spell levels left.
You knew the following spells:

 Your Spells              Type           Power        Failure   Level  Hunger
b - Passwall              Tmut/Erth      #.......     87%         2    ###....

Your spell library contained the following spells:

 Spells                   Type           Power        Failure   Level  Hunger
 Confuse                  Hex            #.......     98%         3    ####...
 Summon Small Mammal      Summ           #...         75%         1    ##.....
 Summon Ice Beast         Ice/Summ       #.......     100%        4    #####..
 Call Imp                 Summ           #.......     87%         2    ###....
 Tukima's Dance           Hex            #.......     98%         3    ####...
 Stone Arrow              Conj/Erth      #.....       98%         3    ####...
 Spider Form              Tmut/Pois      #.........   98%         3    ####...
 Blade Hands              Tmut           #.........   100%        5    ######.
 Ice Form                 Ice/Tmut       #.......     100%        4    #####..
 Sticks to Snakes         Tmut           #.......     87%         2    ###....
 Call Canine Familiar     Summ           #.......     98%         3    ####...
 Ensorcelled Hibernation  Hex/Ice        #.....       87%         2    ###....
 Corona                   Hex            #......      75%         1    ##.....
 Lee's Rapid Deconstruct  Erth           #.........   100%        5    ######.
 Sandblast                Erth           #.....       75%         1    ##.....
 Petrify                  Tmut/Erth      #.......     100%        4    #####..
 Beastly Appendage        Tmut           #.....       75%         1    ##.....
 Dazzling Spray           Conj/Hex       #.....       98%         3    ####...
 Summon Lightning Spire   Summ/Air       #.......     100%        4    #####..
 Summon Guardian Golem    Hex/Summ       #.......     98%         3    ####...


Dungeon Overview and Level Annotations

Branches:
Dungeon (15/15)            Temple (1/1) D:7            Lair (0/6) D:9
    Orc (0/2) D:11         Vaults (0/5) D:13         Depths (1/5) D:15

Altars:
Ashenzari
Cheibriados
Dithmenos
Elyvilon
Fedhas
Gozag
Hepliaklqana
Kikubaaqudgha
Nemelex Xobeh
Okawaru
Qazlal
Sif Muna
Trog
Uskayaw
Vehumet
Xom
Yredelemnul
Zin

Shops:
D:15 (

Annotations:
D:9 exclusion: downstairs
D:11 exclusion: downstairs


Innate Abilities, Weirdness & Mutations

You have hooves in place of feet.
Armour fits poorly on your strangely shaped body.
You cover ground very quickly.
You have extremely tough skin. (AC +3)


Message History

The deep troll shaman claws you!
* * * LOW HITPOINT WARNING * * *
Unknown command.
Really attack while wielding your +5 longbow of velocity?
Okay, then.
The deep troll shaman bites you but does no damage.
The deep troll shaman barely misses you.
The deep troll shaman claws you.
* * * LOW HITPOINT WARNING * * *
The deep troll shaman bites you but does no damage.
The deep troll shaman claws you but does no damage.
The deep troll shaman barely misses you.
The deep troll closely misses you. The deep troll claws you.
* * * LOW HITPOINT WARNING * * *
The deep troll barely misses you.
There is an open door, spattered with blood here.
Items here: ) [[[ +0 fire dragon scales; a +0 troll leather armour; a chain mail; a dire flail Firing (i - inventory)
n - 236 arrows (quivered)
Press: ? - help, Shift-Dir - straight line, f - deep troll
Aim: a deep troll You shoot an arrow.
The arrow closely misses the deep troll.
The deep troll shaman calls upon its god to speed up the deep troll.
The deep troll seems to speed up.
Things that are here:
a robe; a spear Firing (i - inventory)
n - 235 arrows (quivered)
Press: ? - help, Shift-Dir - straight line, f/p - deep troll
Aim: a deep troll (fast)
You shoot an arrow. The arrow hits the deep troll!!
The deep troll is heavily wounded.
The deep troll bites you.
* * * LOW HITPOINT WARNING * * *
The deep troll barely misses you. The deep troll claws you.
* * * LOW HITPOINT WARNING * * *
There is an open door, spattered with blood here.
Things that are here:
a whip; a robe; a dagger of draining
Items here: )))) a giant club x3; a giant spiked club The deep troll shaman calls upon its god to strengthen the deep troll.
The deep troll seems to grow stronger.
The deep troll barely misses you.
The deep troll claws you but does no damage. x2
You see here a whip.
A deep elf mage comes into view. It is wielding a short sword.
The deep elf mage shouts!
The deep elf mage mumbles some strange words.
The deep troll bites you!!
* * * LOW HITPOINT WARNING * * *
The deep troll claws you!
* * * LOW HITPOINT WARNING * * *
The deep troll closely misses you.
Things that are here:
a ring mail; a mace
Things that are here:
a scale mail; a dagger
Okay, then.
There is a stone staircase leading up here.
Things that are here:
a robe; a dagger The deep troll bites you!!
You die...

#.##.##..# #........# #.##.##..#
##### ..##.##..# ##...#
####.##..###################.....
####.##.....)....................
.....##.###########.......#......
#######.##########(..######.....(
#######.#....(..@T<..[..[.e......
..........#........#########....)
...####.......###### #.....)
.######......## ##......
............## ##......<
####†######.## ###..#.....
##..∩...# #..# ##.Ee###....
#..#.##.##############.....e.....
.....##..# ##.....##...#.##.#####


You could see a deep troll.

Vanquished Creatures
  A deep elf annihilator (D:12)
  An ettin (D:11)
  2 fire dragons
  A hydra (D:11)
  The ghost of Erghopoch the Thaumaturge, a journeyman DEAE of Vehumet (D:12)
  7 centaur warriors
  The ghost of Hebeh the Cleaver, a novice MiFi of Trog (D:9)
  11 two-headed ogres
  2 ogre magi
  Urug (D:13)
  A deep troll earth mage (D:15)
  A deep troll shaman (Depths:1)
  3 tengu warriors
  Sonja (D:13)
  The ghost of Amnesiac the Thrower, a novice OgFi of Okawaru (D:6)
  4 deep trolls
  3 unseen horrors
  A lindwurm (shapeshifter) (D:15)
  2 wizards
  An orc knight (D:11)
  4 deep elf magi
  11 ugly things
  2 manticores
  4 cyclopes
  A gargoyle (D:15)
  A komodo dragon (D:12)
  6 yaktaurs
  A yaktaur (shapeshifter) (D:12)
  An efreet (D:15)
  A freezing wraith (D:12)
  3 tengu conjurers
  7 trolls
  A meliai (D:11)
  A polar bear (shapeshifter) (Depths:1)
  11 slime creatures
  2 hornets
  A hippogriff (D:6)
  A vampire (D:12)
  A water elemental (Depths:1)
  A wraith (D:9)
  4 yaks (D:9)
  16 humans
  A basilisk (D:12)
  3 vampire mosquitoes (D:15)
  3 hungry ghosts
  2 soldier ants (D:9)
  17 water moccasins
  4 sky beasts
  A meliai simulacrum (D:15)
  8 ice beasts
  9 orc warriors
  4 eyes of draining
  10 ogres
  A phantom (D:6)
  6 centaurs
  4 wolves
  A big kobold (D:7)
  9 bullfrogs
  A water moccasin zombie (D:9)
  3 wyvern zombies
  2 scorpions (D:12)
  2 wyvern skeletons
  12 killer bees
  7 wights
  3 electric eels (D:9)
  2 howler monkeys (D:11)
  12 crimson imps
  3 centaur zombies
  4 jellies
  5 bullfrog zombies
  A jelly (shapeshifter) (D:11)
  9 orc priests
  2 bullfrog skeletons
  9 hounds
  4 centaur skeletons
  10 orc wizards
  Jessica (D:3)
  Terence (D:3)
  2 iguanas
  14 worker ants
  3 hound skeletons
  3 worker ant zombies
  Robin (D:2)
  34 adders
  2 howler monkey skeletons (D:7)
  6 shadow imps
  An ooze (D:1)
  An adder zombie (D:9)
  An adder skeleton (D:8)
  6 worms
  3 dart slugs
  3 leopard geckos
  55 orcs
  13 giant cockroaches
  12 goblins
  11 hobgoblins
  9 jackals
  17 kobolds
  5 quokkas
  A ball python (D:3)
  6 bats
  3 frilled lizards
  A leopard gecko skeleton (D:6)
  A quokka skeleton (D:6)
  5 rats
522 creatures vanquished.

Vanquished Creatures (others)
  A withered plant (D:9)
1 creature vanquished.

Grand Total: 523 creatures vanquished

Notes
Turn   | Place    | Note
-------+----------+-------------------------------------------
     0 | D:1      | Amnesiac the Centaur Fighter began the quest for the Orb.
     0 | D:1      | Reached XP level 1. HP: 19/19 MP: 1/1
   191 | D:1      | Reached XP level 2. HP: 26/26 MP: 2/2
   199 | D:1      | Reached skill level 1 in Dodging
   805 | D:2      | Reached XP level 3. HP: 18/31 MP: 3/3
  1229 | D:2      | Noticed Robin
  1243 | D:2      | Killed Robin
  1261 | D:2      | Reached XP level 4. HP: 29/38 MP: 4/4
  1725 | D:3      | Found a white marble altar of Elyvilon.
  1788 | D:3      | Reached XP level 5. HP: 46/46 MP: 5/5
  1908 | D:3      | Noticed Terence
  1924 | D:3      | Killed Terence
  2012 | D:3      | Noticed an eye of draining
  2013 | D:3      | Found a bloodstained altar of Trog.
  2013 | D:3      | Noticed an eye of draining
  2014 | D:3      | Noticed an eye of draining
  2030 | D:3      | Killed an eye of draining
  2030 | D:3      | Reached XP level 6. HP: 41/53 MP: 0/6
  2039 | D:3      | Reached skill level 5 in Fighting
  2218 | D:3      | Reached XP level 7. HP: 38/61 MP: 7/7
  2903 | D:3      | Noticed Jessica
  2916 | D:3      | Killed Jessica
  3455 | D:4      | Found a stormy altar of Qazlal.
  3814 | D:5      | Entered Level 5 of the Dungeon
  3986 | D:5      | Found a blossoming altar of Fedhas.
  3986 | D:5      | Found a shattered altar of Ashenzari.
  3992 | D:5      | Found a basalt altar of Yredelemnul.
  3994 | D:5      | Found a faded altar of an unknown god.
  3996 | D:5      | Found a faded altar of an unknown god.
  4245 | D:5      | Found a hide-covered altar of Uskayaw.
  4660 | D:6      | Reached XP level 8. HP: 67/71 MP: 8/8
  4806 | D:6      | Found a transporter.
  4808 | D:6      | Found a transporter.
  4808 | D:6      | Noticed Amnesiac's ghost (novice OgFi)
  5101 | D:6      | Found an opulent altar of Gozag.
  5102 | D:6      | Found a glowing silver altar of Zin.
  5138 | D:6      | Reached skill level 1 in Bows
  5280 | D:6      | Reached skill level 2 in Bows
  5379 | D:6      | Found a deep blue altar of Sif Muna.
  5582 | D:7      | Noticed a hippogriff
  5608 | D:6      | Killed a hippogriff
  5608 | D:6      | Reached skill level 4 in Bows
  5798 | D:6      | Killed Amnesiac's ghost
  5798 | D:6      | Reached skill level 7 in Bows
  5798 | D:6      | Reached XP level 9. HP: 36/81 MP: 9/9
  5907 | D:7      | Reached skill level 8 in Bows
  5978 | D:7      | Found a staircase to the Ecumenical Temple.
  5987 | Temple   | Entered the Ecumenical Temple
  6021 | Temple   | Became a worshipper of Warmaster Okawaru
  6131 | D:7      | Reached skill level 9 in Bows
  6283 | D:7      | Reached skill level 10 in Bows
  6425 | D:7      | You fall through a shaft for 3 floors!
  6425 | D:10     | Entered Level 10 of the Dungeon
  6460 | D:10     | Reached * piety under Okawaru
  6509 | D:10     | Reached skill level 11 in Bows
  6625 | D:10     | Noticed a two-headed ogre
  6636 | D:10     | Killed a two-headed ogre
  6636 | D:10     | Reached ** piety under Okawaru
  6636 | D:10     | Reached skill level 12 in Bows
  6636 | D:10     | Reached XP level 10. HP: 40/88 MP: 10/10
  7177 | D:8      | Reached skill level 13 in Bows
  8058 | D:8      | Found a sparkling altar of Nemelex Xobeh.
  8079 | D:8      | Found a shimmering altar of Xom.
  8080 | D:8      | Found a hazy altar of Hepliaklqana.
  8334 | D:9      | Noticed a four-headed hydra
  8448 | D:8      | Reached *** piety under Okawaru
  8490 | D:9      | Noticed a two-headed ogre
  8542 | D:8      | Killed a two-headed ogre
  8542 | D:8      | Received a gift from Okawaru
  8542 | D:8      | Reached skill level 14 in Bows
  8644 | D:9      | Reached skill level 1 in Invocations
  8681 | D:9      | Received a gift from Okawaru
  8922 | D:9      | Reached skill level 5 in Invocations
  8959 | D:9      | Reached **** piety under Okawaru
  9073 | D:9      | Found a staircase to the Lair.
  9201 | D:9      | Received a gift from Okawaru
  9222 | D:9      | Reached XP level 11. HP: 33/94 MP: 15/15
  9602 | D:9      | Found a runed door.
  9645 | D:9      | Noticed Hebeh's ghost (novice MiFi)
 10024 | D:9      | Killed Hebeh's ghost
 10477 | D:10     | Noticed a two-headed ogre
 10485 | D:10     | Killed a two-headed ogre
 10485 | D:10     | Reached skill level 1 in Evocations
 10871 | D:10     | Received a gift from Okawaru
 10924 | D:10     | Reached ***** piety under Okawaru
 11187 | D:10     | HP: 1/95 [water moccasin (4)]
 11199 | D:10     | Reached skill level 5 in Dodging
 11218 | D:10     | Reached skill level 5 in Armour
 11685 | D:11     | Killed a four-headed hydra
 11715 | D:11     | Noticed a centaur warrior
 11766 | D:11     | Killed a centaur warrior
 11766 | D:11     | Received a gift from Okawaru
 11837 | D:11     | Noticed a wizard
 11848 | D:11     | Killed a wizard
 11921 | D:11     | Noticed an ettin
 11966 | D:11     | Killed an ettin
 11966 | D:11     | Reached skill level 15 in Bows
 11966 | D:11     | Reached XP level 12. HP: 104/104 MP: 18/18
 12409 | D:11     | Found a staircase to the Orcish Mines.
 12584 | D:11     | Noticed a two-headed ogre
 12591 | D:11     | Killed a two-headed ogre
 12591 | D:11     | Received a gift from Okawaru
 13004 | D:12     | Noticed a centaur warrior
 13009 | D:12     | Killed a centaur warrior
 13035 | D:12     | Noticed Erghopoch's ghost (journeyman DEAE)
 13035 | D:12     | Noticed a deep elf annihilator
 13036 | D:12     | Noticed a centaur warrior
 13040 | D:12     | Found a runed gate.
 13040 | D:12     | Found a runed gate.
 13040 | D:12     | Found a runed gate.
 13267 | D:12     | Noticed a two-headed ogre
 13278 | D:12     | Killed a two-headed ogre
 13398 | D:12     | Noticed a two-headed ogre
 13406 | D:12     | Killed a two-headed ogre
 13563 | D:12     | Learned a level 2 spell: Passwall
 13715 | D:13     | Found a gate to the Vaults.
 13715 | D:13     | Noticed a centaur warrior
 13715 | D:13     | Noticed Urug
 13715 | D:13     | Noticed a two-headed ogre
 13733 | D:12     | Killed a centaur warrior
 13850 | D:12     | Killed a centaur warrior
 13850 | D:12     | Reached skill level 5 in Evocations
 13860 | D:12     | Killed a deep elf annihilator
 13860 | D:12     | Reached skill level 10 in Fighting
 13867 | D:12     | Killed Erghopoch's ghost
 14076 | D:13     | Noticed Sonja
 14083 | D:13     | Killed Sonja
 14083 | D:13     | Received a gift from Okawaru
 14094 | D:13     | Reached XP level 13. HP: 79/113 MP: 19/19
 14207 | D:13     | Reached skill level 16 in Bows
 14513 | D:13     | Killed Urug
 14513 | D:13     | Reached ****** piety under Okawaru
 14513 | D:13     | Received a gift from Okawaru
 15716 | D:14     | Received a gift from Okawaru
 16154 | D:14     | Found a glowing silver altar of Zin.
 16154 | D:14     | Noticed an angel
 16204 | D:15     | Entered Level 15 of the Dungeon
 16212 | D:15     | Received a gift from Okawaru
 16513 | D:15     | Reached XP level 14. HP: 111/124 MP: 20/20
 16600 | D:15     | Paralysed by a wizard for 2 turns
 16724 | D:15     | Found a staircase to the Depths.
 16776 | D:15     | Reached skill level 17 in Bows
 16941 | D:15     | Found Plog's Antique Weapon Shop.
 17245 | Depths:1 | Entered Level 1 of the Depths
 17276 | D:15     | Received a gift from Okawaru
 17739 | Depths:1 | Received a gift from Okawaru
 17787 | Depths:1 | Received a gift from Okawaru
 17890 | D:15     | Mangled by a deep troll

Vault maps used:
D:1:      dpeg_arrival_water_temple_mockup
D:2:      minmay_roachtagon, uniq_robin
D:3:      trog_eyes_of_draining, elyvilon_altar_4, first_ration, uniq_terence,
          uniq_jessica
D:4:      kennysheep_big_empty_room, hangedman_abyss_or_decor_stagger,
          grunt_qazlal_sundering
D:5:      chequers_temple_overflow_minitemple, old_standard_altar
D:6:      grunt_temple_overflow_gold_and_silver, lemuel_blue_sif_altar,
          gammafunk_ghost_arena
D:7:      minmay_temple_entry_statues_pillars
D:8:      regret_index_temple_of_mockery, nemelex_xobeh_ov_fountains_minmay
D:9:      erik_lair_island, gammafunk_ghost_grave, hangedman_pestilent_swarm,
          minmay_misc_feat_cross
D:10:     lemuel_reptile_caves
D:11:     minmay_the_grid_net, orc_0_dummy
D:12:     gammafunk_ghost_split
D:13:     david_vaults_3, st_stairs_11, solitary_fountain, uniq_sonja
D:14:     zin_angel
D:15:     grunt_enter_depths_magical_seal, minivault_14, serial_shops,
          nicolae_shop_crystal, roderic_nine_men_s_morris, minmay_misc_feat_rows
Temple:   dpeg_chambers_temple
Depths:1: serial_bayou_pond_b, rand_demon_pan_entry_5, hell_entry,
          grunt_absolute_annihilation, uniq_mara

Skill      XL: |  1  2  3  4  5  6  7  8  9 10 11 12 13 14 |
---------------+-------------------------------------------+-----
Long Blades    | 2 |  2.0
Dodging        | 1 2 3 4 5 6 7 8 |  8.3
Fighting       | 4 5 6 8 9 10 11 | 11.8
Armour         | 3 4 5 6 7 8 |  8.4
Bows           | 7 12 14 15 16 17 | 17.4
Invocations    | 6 8 |  8.0
Evocations     | 3 5 7 8 |  8.0
Shields        | |  2.1

Action                   |  1- 3 |  4- 6 |  7- 9 | 10-12 | 13-15 || total
-------------------------+-------+-------+-------+-------+-------++-------
Melee: Long sword        |   114 |   135 |     8 |       |       ||   257
       Kick              |    23 |    39 |   137 |    18 |     1 ||   218
       Dagger            |       |       |   372 |    50 |       ||   422
       Falchion          |       |       |   109 |       |       ||   109
       Shortbow          |       |       |       |     4 |       ||     4
       Longbow           |       |       |       |     1 |     1 ||     2
 Fire: Shortbow          |       |       |       |  1068 |       ||  1068
       Longbow           |       |       |       |    55 |   573 ||   628
Invok: Heroism           |       |       |       |     3 |     3 ||     6
       Finesse           |       |       |       |     2 |     3 ||     5
Evoke: Wand              |       |       |       |     2 |       ||     2
  Use: Scroll            |       |       |       |    28 |       ||    28
       Potion            |       |       |       |     5 |       ||     5
  Eat: Chunk             |     1 |     2 |    12 |    18 |    10 ||    43
       Ration            |       |       |     1 |       |       ||     1
Armor: Scale mail        |    50 |       |       |       |       ||    50
       Ring mail         |     4 |    26 |   197 |    10 |       ||   237
       Leather armour    |       |       |       |    60 |       ||    60
       Troll leather arm |       |       |       |    63 |    43 ||   106
       Skin              |       |       |       |    17 |       ||    17
       Fire dragon scale |       |       |       |    23 |    84 ||   107
Dodge: Dodged            |    29 |    27 |   142 |   234 |   115 ||   547
Block: Shield            |    47 |    48 |   220 |     1 |       ||   316
       Rpst.: Long sword |    10 |    11 |       |       |       ||    21
       Falchion          |       |       |    10 |       |       ||    10

Table legend:
 A = Spawn XP
 B = Non-spawn XP
 C = Spawn XP percentage of total XP
 D = Spawn monster count
 E = Non-spawn monster count
 F = Spawn count percentage of total count
 G = Total turns spent on level
                    A         B        C        D         E        F      G
               +---------+---------+-------+---------+---------+-------+---------
         Total |       0 |   87886 |   0.0 |       0 |     522 |   0.0 | 17890
               +---------+---------+-------+---------+---------+-------+---------
           D:1 |       0 |      35 |   0.0 |       0 |      16 |   0.0 |   765
           D:2 |       0 |     157 |   0.0 |       0 |      42 |   0.0 |  1051
           D:3 |       0 |     728 |   0.0 |       0 |      38 |   0.0 |  1158
           D:4 |       0 |     105 |   0.0 |       0 |      12 |   0.0 |   870
           D:5 |       0 |     365 |   0.0 |       0 |      16 |   0.0 |   820
           D:6 |       0 |    2133 |   0.0 |       0 |      34 |   0.0 |  1312
           D:7 |       0 |     937 |   0.0 |       0 |      18 |   0.0 |   786
           D:8 |       0 |    1820 |   0.0 |       0 |      26 |   0.0 |  1133
           D:9 |       0 |    4615 |   0.0 |       0 |      36 |   0.0 |  1639
          D:10 |       0 |    6337 |   0.0 |       0 |      60 |   0.0 |  1858
          D:11 |       0 |    9605 |   0.0 |       0 |      44 |   0.0 |  1548
          D:12 |       0 |   11043 |   0.0 |       0 |      38 |   0.0 |  1263
          D:13 |       0 |   10741 |   0.0 |       0 |      38 |   0.0 |  1080
          D:14 |       0 |   10272 |   0.0 |       0 |      33 |   0.0 |   859
          D:15 |       0 |   22218 |   0.0 |       0 |      58 |   0.0 |  1544
      Depths:1 |       0 |    6775 |   0.0 |       0 |      13 |   0.0 |   142
               +---------+---------+-------+---------+---------+-------+---------
